 Dungeon Crawl Stone Soup version 0.17-a0-18-gc25b939 (console) character file.

55 MrRokkomies the Firebug (level 3, -2/21 HPs)
             Began as an Octopode Fire Elementalist on Mar 10, 2015.
             Was an Initiate of Sif Muna.
             Slain by a gnoll
             ... wielding a +0 whip
              (9 damage)
             ... on level 2 of the Dungeon.
             The game lasted 00:06:00 (1206 turns).

MrRokkomies the Firebug (OpFE)                      Turns: 1206, Time: 00:06:01

Health: -2/21      AC:  1    Str:  7    XL:     3   Next: 93%
Magic:  4/6        EV: 12    Int: 18    God:    Sif Muna [......]
Gold:   44         SH:  0    Dex: 12    Spells: 1 memorised, 5 levels left

rFire  . . .     SeeInvis .     h - +0 dagger
rCold  . . .     Clarity  .     (no shield)
rNeg   . . .     SustAb   .     (helmet restricted)
rPois  .         Gourm    .     f - amulet of regeneration
rElec  .         Spirit   .     k - ring of stealth
rCorr  .         Warding  .     (no ring)
rMut   .         Stasis   .     (no ring)
MR     .....                    (no ring)
Stlth  ++++......               (no ring)
                                (no ring)
                                (no ring)
                                (no ring)

@: not resistant to hostile enchantments, stealthy
A: almost no armour, amphibious, 8 rings, constrict 8, camouflage 1, gelatinous
body 1
a: Renounce Religion


You were on level 2 of the Dungeon.
You worshipped Sif Muna.
Sif Muna was noncommittal.
You were hungry.

You visited 1 branch of the dungeon, and saw 2 of its levels.

You collected 44 gold pieces.

Inventory:

Hand weapons
 h - a +0 dagger (weapon)
Missiles
 d - 8 stones
 g - 7 tomahawks (quivered)
Jewellery
 f - an amulet of regeneration (around mantle)
 k - a ring of stealth (left tentacle)
Magical devices
 n - a wand of teleportation (3)
Scrolls
 j - a scroll of amnesia
Potions
 i - a potion of haste {unknown}
 l - a potion of might {unknown}
Books
 b - a book of Flames

   Spells                             Type                      Level
   a - Flame Tongue                   Conjuration/Fire             1
   b - Throw Flame                    Conjuration/Fire             2
   c - Conjure Flame                  Conjuration/Fire             3
   d - Inner Flame                    Hexes/Fire                   3
   e - Sticky Flame                   Conjuration/Fire             4
   f - Fireball                       Conjuration/Fire             5
Comestibles
 c - 2 bread rations


   Skills:
 - Level 2.0 Dodging
 - Level 2.6 Stealth
 - Level 2.0 Spellcasting
 * Level 2.6 Conjurations
 * Level 3.9 Fire Magic


You had 5 spell levels left.
You knew the following spells:

 Your Spells              Type           Power        Failure   Level  Hunger
a - Flame Tongue          Conj/Fire      ##...        6%          1    #......


Dungeon Overview and Level Annotations

Branches:
Dungeon (2/15)

Altars:
Okawaru
Sif Muna


Innate Abilities, Weirdness & Mutations

You cannot wear most types of armour.
You are amphibious.
You can wear up to eight rings at the same time.
You can use your tentacles to constrict many enemies at once.
Your skin changes colour to match your surroundings (Stealth).
Your rubbery body absorbs attacks (AC +1).


Message History

You feel better. The gnoll hits you with a whip. The giant cockroach bites you.
The gnoll hits you with a whip.
* * * LOW HITPOINT WARNING * * *
The gnoll barely misses you.
Drink which item? (? for menu, Esc to quit)
You feel better. The giant cockroach bites you. The gnoll misses you.
The gnoll barely misses you. x2
The gnoll hits you with a whip. The giant cockroach barely misses you.
The giant cockroach waves its antennae.
Casting: Flame Tongue
Confirm with . or Enter, or press ? or * to list all spells.
Aiming: Flame Tongue
Press: ? - help, Shift-Dir - straight line, f/p - gnoll
Aim: a gnoll, wielding a whip (moderately wounded)
The flame tongue hits the gnoll.
The gnoll is almost dead.
The giant cockroach waves its antennae.
The giant cockroach bites you. The gnoll closely misses you.
The gnoll hits you with a whip!
You die...

#....# #.........#...# #
#....# #.........#...####
#....# #.........#...##..
#..§§###.........######..
#..§§§..............#....
#..§§§.......####...#....
#......g............#....
#......sg................
###....g@.............†..
#......................
###########..........)#
#...........#
#...........#
#...........#
###.#.......# #.#.......#
#.####.####


You could see 3 gnolls and a giant cockroach.

Vanquished Creatures
  Terence (D:2)
  A worm (D:2)
  2 giant cockroaches
  2 hobgoblins (D:1)
  3 kobolds (D:1)
  A bat (D:2)
  4 giant newts
  8 goblins
  7 jackals
  11 rats
40 creatures vanquished.

Notes
Turn   | Place    | Note
--------------------------------------------------------------
     0 | D:1      | MrRokkomies, the Octopode Fire Elementalist, began the quest for the Orb.
     0 | D:1      | Reached XP level 1. HP: 11/11 MP: 3/3
    10 | D:1      | Found a deep blue altar of Sif Muna.
    16 | D:1      | Became a worshipper of Sif Muna the Loreminder
   200 | D:1      | Reached XP level 2. HP: 17/17 MP: 4/4
   721 | D:2      | Reached XP level 3. HP: 18/21 MP: 1/6
  1018 | D:2      | Found an iron altar of Okawaru.
  1102 | D:2      | Noticed Terence
  1113 | D:2      | Killed Terence
  1198 | D:2      | HP: 1/21 [giant cockroach (2)]
  1206 | D:2      | Slain by a gnoll

Action                   || total
-------------------------++-------
Melee: Unarmed           ||     8
       Dagger            ||    66
Throw: Stone             ||     2
       Tomahawk          ||     2
 Cast: Flame Tongue      ||    15
  Use: Scroll            ||     5
       Potion            ||     2
 Stab: Sleeping          ||     9
  Eat: Chunk             ||     1
